 Dungeon Sprint DCSS version 0.29-a0-700-g2f1814c7b2 (webtiles) character file.

Game seed: 2954065121118814444

48800 mhtbhm the Ninja (level 14, -4/69 HPs)
             Began as a Spriggan Enchanter on June 25, 2022.
             Was the Champion of Dithmenos.
             Slain by a spriggan defender
             ... wielding a +1 rapier of electrocution
              (26 damage)
             ... in the Dungeon (Sprint IX: "|||||||||||||||||||||||||||||").
             The game lasted 00:14:03 (5030 turns).

mhtbhm the Ninja (Spriggan Enchanter)               Turns: 5030, Time: 00:14:03

Health: -4/69      AC:  7    Str:  4    XL:     14   Next: 13%
Magic:  29/38      EV: 31    Int: 24    God:    Dithmenos [******]
Gold:   239        SH:  0    Dex: 26    Spells: 41/52 levels left

rFire   + . .      SeeInvis +   l - +3 dagger "Ymoutrok" {vamp, rF+ Dex+4}
rCold   + . .      Faith    .   (no shield)
rNeg    . . .      Spirit   .   b - +2 robe {Will+}
rPois   +          Reflect  .   u - +2 hat {Stlth+}
rElec   .          Harm     .   k - +0 cloak
rCorr   .          Rampage  .   (gloves unavailable)
Will    +++..      NoTele   +   (boots unavailable) Stlth ##********
                                w - amulet of regeneration
HPRegen 1.01/turn               v - ring of Eddikhly {rPois rC+ Int+6}
MPRegen 0.26/turn               m - +3 ring of dexterity

@: wreathed by umbra, very quick
A: very small, no large weapons, unfitting armour, see invisible, speed 3
a: Renounce Religion, Shadow Step, Shadow Form


You were in the Dungeon.
You worshipped Dithmenos.
Dithmenos was exalted by your worship.
You visited 1 branch You collected 1930 gold pieces.
You spent 1691 gold pieces at shops.

Inventory:

Hand Weapons
 a - a +2 dagger of speed
 l - the +3 dagger "Ymoutrok" (weapon) {vamp, rF+ Dex+4}
   (You found it in the Dungeon)

   It occasionally heals its wielder for a portion of the damage dealt when it
   wounds a living foe.
   Dex:       It affects your dexterity (+4).
   rF:        It protects you from fire.
Missiles
 A - a throwing net (quivered)
Armour
 b - a +2 robe of willpower (worn)
 k - a +0 cloak (worn)
 u - a +2 hat of stealth (worn)
Jewellery
 m - a +3 ring of dexterity (right hand)
 v - the ring of Eddikhly (left hand) {rPois rC+ Int+6}
   (You bought it in a shop in the Dungeon)

   [ring of intelligence]

   Int:       It affects your intelligence (+6).
   rC:        It protects you from cold.
   rPois:     It protects you from poison.
 w - an amulet of regeneration (around neck)
 y - a ring of protection from cold
 z - a ring of willpower
Wands
 j - a wand of iceblast (7)
Scrolls
 h - 2 scrolls of amnesia
 i - 2 scrolls of blinking
 p - 2 scrolls of enchant armour
 q - 3 scrolls of fog
 r - 3 scrolls of fear
 s - 2 scrolls of enchant weapon
 t - a scroll of brand weapon
 x - 3 scrolls of identify
Potions
 c - 2 potions of invisibility
 d - 7 potions of curing
 e - 6 potions of heal wounds
 g - 4 potions of magic
 n - 4 potions of berserk rage
Miscellaneous
 o - a box of beasts


   Skills:
 + Level 5.9 Fighting
 + Level 10.6 Short Blades
 + Level 12.0 Dodging
 O Level 27 Stealth
 + Level 19.9 Spellcasting
 + Level 2.3 Conjurations
 + Level 20.9 Hexes
 + Level 11.3 Ice Magic
 * Level 17.7 Invocations
 + Level 0.6 Evocations


You had 41 spell levels left.
You knew the following spells:

 Your Spells              Type           Power      Damage    Failure   Level
a - Ensorcelled Hibernat  Hex/Ice        100%       N/A       0%          2
b - Confusing Touch       Hex            90%        N/A       0%          3
c - Tukima's Dance        Hex            90%        N/A       0%          3
d - Dazzling Flash        Conj/Hex       100%       N/A       1%          3

Your spell library contained the following spells:

 Spells                   Type           Power      Damage    Failure   Level


Dungeon Overview and Level Annotations

Branches:
Dungeon (1/1)

Altars:
Cheibriados
Dithmenos
Elyvilon
Fedhas
Gozag
Hepliaklqana
Kikubaaqudgha
Makhleb
Nemelex Xobeh
Okawaru
Qazlal
Ru
Sif Muna
Trog
Uskayaw
Vehumet
Wu Jian
Xom
Yredelemnul
Zin
The Shining One
Beogh
Jiyva
Lugonu

Shops:
D =[((


Innate Abilities, Weirdness & Mutations

You are very small and have problems with some larger weapons.
You are too small for most types of armour.
You have supernaturally acute eyesight. (SInv)
You cover ground extremely quickly. (Speed+++)


Message History

Aiming: Ensorcelled Hibernation (safe; 0% risk of failure)
Press: ? - help, Shift-Dir - straight line, f - spriggan defender
Aim: a spriggan defender, wielding a +1 rapier of electrocution, wearing a +0 robe and wearing a +0 buckler (wandering, hasn't noticed you, umbra, chance to affect: 0%)
Okay, then.
Casting: Ensorcelled Hibernation (safe; 0% risk of failure)
Confirm with . or Enter, or press ? or * to list all spells.
Casting: Dazzling Flash (safe; 1% risk of failure)
Press: ? - help, Dir - look around, f - activate The spriggan defender shouts!
Unknown command.
Unknown command.
Casting: Dazzling Flash (safe; 1% risk of failure)
Confirm with . or Enter, or press ? or * to list all spells.
Casting: Dazzling Flash (safe; 1% risk of failure)
Press: ? - help, Dir - look around, f - activate The spriggan defender completely misses you.
Unknown command.
Unknown command.
Casting: Dazzling Flash (safe; 1% risk of failure)
Confirm with . or Enter, or press ? or * to list all spells.
Casting: Dazzling Flash (safe; 1% risk of failure)
Press: ? - help, Dir - look around, f - activate The spriggan defender is dazzled.
The spriggan defender hits you with a +1 rapier of electrocution!
Unknown command.
Unknown command.
You hit the spriggan defender.
The spriggan defender is lightly wounded.
Your shadow hits the spriggan defender with a dagger.
You miss the spriggan defender.
The spriggan defender is lightly wounded.
The spriggan defender hits you with a +1 rapier of electrocution!!
You are electrocuted!
You hit the spriggan defender.
You feel better.
The spriggan defender is lightly wounded.
The spriggan defender hits you with a +1 rapier of electrocution!
You closely miss the spriggan defender.
The spriggan defender is lightly wounded.
The spriggan defender hits you with a +1 rapier of electrocution!!
You die...

.)))))=))..[..'.........▓
▓▓▓▓▓▓▓▓▓▓▓▓▓▓▓▓▓▓▓▓▓▓▓▓▓
........................▓
♣♣♣♣♣♣♣♣♣▓▓▓▓▓▓▓▓▓▓▓▓▓▓.▓
..).)..)'...............▓
♣♣♣♣♣♣♣♣♣▓▓▓▓▓▓▓▓▓▓▓▓▓▓▓▓
........................▓
▓▓▓▓▓▓▓▓▓▓▓▓▓▓▓▓▓▓▓▓▓▓▓)▓
iyDi§§§i§......i@[......▓
▓▓▓▓▓▓▓▓▓▓▓▓▓▓▓▓▓▓▓▓▓▓▓▓▓


You could see a spriggan defender (blind).

Vanquished Creatures
  A lich (D)
  Gastronok (D)
  Donald (D)
  A fire giant (D)
  4 stone giants (D)
  Nessos (D)
  2 spark wasps (D)
  2 ettins (D)
  2 fire dragons (D)
  3 hydras (D)
  A salamander tyrant (D)
  A jorogumo (D)
  A boulder beetle (D)
  A spriggan air mage (D)
  An anaconda (D)
  A catoblepas (D)
  Erica (D)
  3 centaur warriors (D)
  A radroach (D)
  An alligator (D)
  A tengu warrior (D)
  9 orc high priests (D)
  2 naga sharpshooters (D)
  A shock serpent (D)
  A spriggan (D)
  A spriggan berserker (D)
  A pharaoh ant (D)
  2 spriggan druids (D)
  2 steelbarb worms (D)
  A naga ritualist (D)
  An orb spider (D)
  2 swamp dragons (D)
  7 orc knights (D)
  A wolf spider (D)
  3 ugly things (D)
  4 manticores (D)
  3 cyclopes (D)
  3 elephants (D)
  A water nymph (D)
  2 merfolk sirens (D)
  2 naga magi (D)
  2 black mambas (D)
  3 cane toads (D)
  A merfolk (D)
  A tyrant leech (D)
  A blink frog (D)
  2 hornets (D)
  A jumping spider (D)
  A wraith (D)
  A wyvern (D)
  A yak (D)
  A steam dragon (D)
  A redback (D)
  A golden eye (shapeshifter) (D)
  A warg (D)
  2 water moccasins (D)
  A hell hound (D)
  12 orc warriors (D)
  6 wolves (D)
  2 centaurs (D)
  A kobold brigand (D)
  4 bullfrogs (D)
  2 scorpions (D)
  A hound (D)
  An orc priest (D)
  An iguana (D)
  4 orc wizards (D)
  A shadow imp (D)
  5 orcs (D)
  A giant cockroach (D)
  A goblin (D)
  A hobgoblin (D)
  A bat (D)
  A kobold (D)
146 creatures vanquished.

Vanquished Creatures (others)
  A deep elf pyromancer (D)
  A dancing weapon (D)
  A wight (D)
3 creatures vanquished.

Grand Total: 149 creatures vanquished

Notes
Turn   | Place    | Note
-------+----------+-------------------------------------------
     0 | D        | mhtbhm the Spriggan Enchanter began the quest for the Orb.
     0 | D        | Reached XP level 1. HP: 9/9 MP: 5/5
    11 | D        | Reached skill level 5 in Stealth
   174 | D        | Noticed a hound
   174 | D        | Noticed a scorpion
   174 | D        | Noticed an iguana
   174 | D        | Noticed a scorpion
   178 | D        | Killed a scorpion
   179 | D        | Reached skill level 7 in Stealth
   179 | D        | Reached skill level 5 in Spellcasting
   179 | D        | Reached XP level 2. HP: 14/14 MP: 7/9
   179 | D        | Reached XP level 3. HP: 17/17 MP: 7/10
   185 | D        | Reached skill level 8 in Stealth
   185 | D        | Reached XP level 4. HP: 19/21 MP: 8/12
   193 | D        | Killed a scorpion
   194 | D        | Reached skill level 5 in Dodging
   194 | D        | Reached skill level 9 in Stealth
   194 | D        | Reached XP level 5. HP: 17/25 MP: 10/14
   199 | D        | Reached skill level 1 in Fighting
   199 | D        | Reached skill level 10 in Stealth
   235 | D        | Found a snail-covered altar of Cheibriados.
   235 | D        | Found a shadowy altar of Dithmenos.
   235 | D        | Found a white marble altar of Elyvilon.
   235 | D        | Found a blossoming altar of Fedhas.
   235 | D        | Found an opulent altar of Gozag.
   236 | D        | Found a hazy altar of Hepliaklqana.
   237 | D        | Found a viscous altar of Jiyva.
   238 | D        | Found an ancient bone altar of Kikubaaqudgha.
   239 | D        | Found a corrupted altar of Lugonu.
   240 | D        | Became a worshipper of Dithmenos the Shadowed
   241 | D        | Found a burning altar of Makhleb.
   242 | D        | Found a sparkling altar of Nemelex Xobeh.
   243 | D        | Found an iron altar of Okawaru.
   244 | D        | Found a stormy altar of Qazlal.
   245 | D        | Found a sacrificial altar of Ru.
   246 | D        | Found a shimmering blue altar of Sif Muna.
   247 | D        | Found a bloodstained altar of Trog.
   248 | D        | Found a hide-covered altar of Uskayaw.
   249 | D        | Found a radiant altar of Vehumet.
   250 | D        | Found an ornate altar of the Wu Jian Council.
   251 | D        | Found a shimmering altar of Xom.
   252 | D        | Found a basalt altar of Yredelemnul.
   253 | D        | Found a glowing silver altar of Zin.
   254 | D        | Found a glowing golden altar of the Shining One.
   317 | D        | Noticed a steam dragon
   317 | D        | Noticed a centaur
   317 | D        | Noticed a centaur
   317 | D        | Noticed a hornet
   319 | D        | Killed a hornet
   320 | D        | Reached skill level 11 in Stealth
   320 | D        | Reached XP level 6. HP: 30/30 MP: 14/16
   327 | D        | Reached skill level 12 in Stealth
   327 | D        | Reached skill level 10 in Hexes
   328 | D        | Reached * piety under Dithmenos
   329 | D        | Reached XP level 7. HP: 34/34 MP: 15/18
   332 | D        | Reached skill level 13 in Stealth
   339 | D        | Killed a steam dragon
   340 | D        | Reached skill level 5 in Short Blades
   340 | D        | Reached skill level 5 in Invocations
   344 | D        | Learned a level 2 spell: Ensorcelled Hibernation
   348 | D        | Learned a level 3 spell: Confusing Touch
   352 | D        | Learned a level 3 spell: Tukima's Dance
   356 | D        | Learned a level 3 spell: Dazzling Flash
   356 | D        | Noticed a wraith
   356 | D        | Noticed a green ugly thing
   356 | D        | Noticed a centaur warrior
   356 | D        | Noticed a deep elf pyromancer
   356 | D        | Noticed a centaur warrior
   356 | D        | Noticed a centaur warrior
   361 | D        | Killed a centaur warrior
   361 | D        | Reached ** piety under Dithmenos
   362 | D        | Reached skill level 15 in Stealth
   362 | D        | Reached XP level 8. HP: 39/39 MP: 16/21
   364 | D        | Killed a centaur warrior
   364 | D        | Killed a deep elf pyromancer
   365 | D        | Reached skill level 16 in Stealth
   368 | D        | Killed a centaur warrior
   369 | D        | Reached skill level 17 in Stealth
   369 | D        | Reached skill level 1 in Ice Magic
   369 | D        | Reached XP level 9. HP: 44/44 MP: 13/22
   370 | D        | Killed a green ugly thing
   371 | D        | Reached skill level 18 in Stealth
   375 | D        | Reached *** piety under Dithmenos
   694 | D        | Noticed a cane toad
   694 | D        | Noticed a cane toad
   694 | D        | Noticed a six-headed hydra
   696 | D        | Noticed a boulder beetle
   981 | D        | Killed a cane toad
   984 | D        | Killed a cane toad
   984 | D        | Reached **** piety under Dithmenos
   985 | D        | Reached skill level 19 in Stealth
  1024 | D        | Killed a six-headed hydra
  1025 | D        | Reached skill level 10 in Spellcasting
  1025 | D        | Reached XP level 10. HP: 49/49 MP: 1/25
  1238 | D        | Killed a boulder beetle
  1239 | D        | Reached skill level 10 in Invocations
  1281 | D        | Reached ***** piety under Dithmenos
  1296 | D        | Noticed a cane toad
  1302 | D        | Killed a cane toad
  1303 | D        | Reached skill level 20 in Stealth
  1315 | D        | Noticed a black mamba
  1315 | D        | Noticed an elephant
  1341 | D        | Killed an elephant
  1348 | D        | Killed a black mamba
  1357 | D        | Noticed an elephant
  1513 | D        | Killed an elephant
  1536 | D        | Noticed an elephant
  1543 | D        | Killed an elephant
  1544 | D        | Reached skill level 5 in Ice Magic
  1547 | D        | Reached ****** piety under Dithmenos
  1550 | D        | Reached skill level 21 in Stealth
  1555 | D        | Reached XP level 11. HP: 53/53 MP: 19/27
  1591 | D        | Reached skill level 10 in Dodging
  1727 | D        | Noticed Erica
  1730 | D        | Noticed Gastronok
  1734 | D        | Killed Erica
  1738 | D        | Killed Gastronok
  1813 | D        | Noticed an ettin
  1816 | D        | Reached skill level 22 in Stealth
  1829 | D        | Killed an ettin
  1830 | D        | Reached skill level 15 in Hexes
  2050 | D        | Noticed an orc knight
  2075 | D        | Killed an orc knight
  2097 | D        | Noticed an orc knight
  2149 | D        | Reached skill level 23 in Stealth
  2174 | D        | Killed an orc knight
  2252 | D        | Found Ucwi Fur's Antique Weapon Boutique.
  2252 | D        | Noticed an orc knight
  2252 | D        | Noticed an orc knight
  2252 | D        | Noticed an orc high priest
  2252 | D        | Noticed an orc high priest
  2252 | D        | Noticed an orc high priest
  2253 | D        | Noticed an orc high priest
  2254 | D        | Killed an orc high priest
  2255 | D        | Found Couqirytt's Weapon Shop.
  2256 | D        | Killed an orc high priest
  2257 | D        | Noticed an orc knight
  2258 | D        | Killed an orc high priest
  2259 | D        | Reached skill level 24 in Stealth
  2259 | D        | Found Gesausch's Antique Armour Boutique.
  2260 | D        | Killed an orc knight
  2261 | D        | Noticed an orc high priest
  2262 | D        | Killed an orc knight
  2263 | D        | Found Doakemie's Jewellery Shop.
  2264 | D        | Noticed an orc high priest
  2265 | D        | Killed an orc high priest
  2266 | D        | Reached XP level 12. HP: 58/58 MP: 30/30
  2266 | D        | Noticed an orc high priest
  2266 | D        | Noticed an orc high priest
  2268 | D        | Noticed an orc high priest
  2270 | D        | Killed an orc high priest
  2271 | D        | Reached skill level 25 in Stealth
  2272 | D        | Killed an orc high priest
  2273 | D        | Reached skill level 10 in Short Blades
  2274 | D        | Killed an orc high priest
  2276 | D        | Killed an orc high priest
  2278 | D        | Killed an orc high priest
  2279 | D        | Reached skill level 26 in Stealth
  2322 | D        | Bought the ring of Eddikhly {rPois rC+ Int+6} for 1073 gold
                  | pieces
  2322 | D        | Bought an amulet of regeneration for 420 gold pieces
  2337 | D        | Bought a glowing dagger for 90 gold pieces
  2338 | D        | Bought a glowing short sword for 108 gold pieces
  2458 | D        | Got the +3 dagger "Ymoutrok" {vamp, rF+ Dex+4}
  2490 | D        | Noticed a catoblepas
  2539 | D        | Noticed a fire giant
  2540 | D        | Noticed a tengu warrior
  2546 | D        | Killed a catoblepas
  2547 | D        | Reached skill level 27 in Stealth
  2547 | D        | Reached skill level 1 in Conjurations
  2552 | D        | Killed a fire giant
  2555 | D        | Noticed a fire dragon
  2571 | D        | Killed a tengu warrior
  2694 | D        | Killed a fire dragon
  2695 | D        | Reached skill level 15 in Spellcasting
  2779 | D        | Noticed a lich
  2800 | D        | Killed a lich
  3026 | D        | Noticed a stone giant
  3105 | D        | Killed a stone giant
  3106 | D        | Reached skill level 15 in Invocations
  3279 | D        | Noticed a stone giant
  3280 | D        | Noticed a spark wasp
  3281 | D        | Noticed a stone giant
  3282 | D        | Killed a stone giant
  3283 | D        | Reached skill level 5 in Fighting
  3284 | D        | Killed a spark wasp
  3286 | D        | Killed a stone giant
  3287 | D        | Reached XP level 13. HP: 63/63 MP: 28/34
  3556 | D        | Reached skill level 10 in Ice Magic
  4097 | D        | Noticed Nessos
  4103 | D        | Noticed Donald
  4104 | D        | Killed Nessos
  4488 | D        | Killed Donald
  4811 | D        | Noticed a spark wasp
  4811 | D        | Noticed a fire dragon
  4811 | D        | Noticed a stone giant
  4820 | D        | Killed a stone giant
  4821 | D        | Reached XP level 14. HP: 45/69 MP: 29/38
  4986 | D        | Noticed a spriggan defender
  5030 | D        | Slain by a spriggan defender

Illustrated notes

Levels and vault maps discovered:
D:        linesprint [early_d, line_temple, items_1, d_10, items_2, lair_1,
          lair_end, items_3, orc_1, orc_end, items_4, d_15, swamp_1, shoals_1,
          snake_1, spider_1, d_20, vaults_1, items_5, swamp_end, shoals_end,
          snake_end, spider_end, vaults_end, d_27, items_6, zot_1, zot_end,
          crypt_end, forest_end, elf_end, slime_end, tomb_end, abyss_end,
          pan_hell_end]

Skill      XL: |  1  2  3  4  5  6  7  8  9 10 11 12 13 14 |
---------------+-------------------------------------------+-----
Spellcasting   | 5 6 7 8 10 11 13 16 19 | 19.9
Stealth        | 7 8 9 11 12 15 17 19 21 24 27 | 27.0
Hexes          | 6 8 9 10 11 12 13 14 15 17 20 | 20.9
Dodging        | 4 5 6 7 8 9 10 11 12 | 12.0
Short Blades   | 2 3 4 6 7 8 9 10 | 10.6
Fighting       | 1 2 3 4 5 |  5.9
Invocations    | 3 4 6 8 9 11 13 15 17 | 17.7
Ice Magic      | 1 3 5 7 8 11 | 11.3
Conjurations   | 1 2 |  2.3
Evocations     | |  0.6

Action                   |  1- 3 |  4- 6 |  7- 9 | 10-12 | 13-15 || total
-------------------------+-------+-------+-------+-------+-------++-------
Melee: Dagger            |    36 |    20 |    22 |   145 |   108 ||   331
       Punch             |     1 |       |       |     1 |     3 ||     5
Throw: Throwing net      |       |       |       |       |     1 ||     1
 Cast: Ensorcelled Hiber |       |       |    23 |    84 |    33 ||   140
       Dazzling Flash    |       |       |     1 |    13 |    20 ||    34
       Confusing Touch   |       |       |     1 |     4 |     4 ||     9
       Tukima's Dance    |       |       |       |       |     1 ||     1
Invok: Shadow Step       |       |       |       |     3 |       ||     3
Evoke: Wand              |       |       |       |       |     3 ||     3
       Box of beasts     |       |       |       |       |     1 ||     1
  Use: Potion            |     1 |     2 |       |     2 |     2 ||     7
 Stab: Sleeping          |       |     1 |     8 |    61 |    35 ||   105
       Invisible         |       |     2 |     3 |     8 |    11 ||    24
       Confused          |       |       |     1 |     3 |     2 ||     6
       Distracted        |       |       |       |     2 |       ||     2
       Petrified         |       |       |       |     2 |       ||     2
Armor: Robe              |     2 |       |     2 |     3 |     3 ||    10
Dodge: Dodged            |    22 |    24 |    23 |    74 |    51 ||   194

Table legend: (Time is in decaauts)
 A = Elapsed time spent in this place.
 B = Non-inter-level travel time spent in this place.
 C = Inter-level travel time spent in this place.
 D = Time resting spent in this place.
 E = Time spent auto-exploring this place.
 F = Levels seen in this place.
 G = Mean time per level.
                   A        B        C        D        E       F      G
               +--------+--------+--------+--------+--------+-----+--------+
         Total |   4065 |   4065 |      0 |   2126 |    721 |   1 | 4065.0 |
       Dungeon |   4065 |   4065 |      0 |   2126 |    721 |   1 | 4065.0 |
               +--------+--------+--------+--------+--------+-----+--------+

Top non-repeatable levels by time:
       D: 4065 daAuts
